[Event "Early Titled Tuesday Blitz | February 8 2022"]
[White "Nguyen, Ngoc Truong Son"]
[Black "Saravana, Krishnan P."]
[WhiteFideId "12401110"]
[BlackFideId "5018382"]
[WhiteElo "2836"]
[BlackElo "2596"]
[Result "0-1"]
[Round "03"]
[TimeControl "180+1"]
[Date "2022.02.08"]
[WhiteClock "0:00:04"]
[BlackClock "0:00:15"]

1. d4 Nf6 2. Nf3 g6 3. Nc3 Bg7 4. e4 d6 5. Be3 O-O 6. Qd2 Ng4 7. Bf4 e5 8. dxe5 dxe5 9. Qxd8 Rxd8 10. Bg3 Nc6 11. Nd5 f5 12. Bc4 Kh8 13. Ng5 Nh6 14. O-O-O Bd7 15. h4 f4 16. h5 fxg3 17. hxg6 Be8 18. Nxh7 Bxg6 19. Ng5 gxf2 20. Rdf1 Rf8 21. Nxc7 Rac8 22. Nce6 Nd4 23. Nxf8 Bxf8 24. Bd3 Kg7 25. Rxf2 Be7 26. Nf3 Ng4 27. Re2 Nxe2+ 28. Bxe2 Ne3 29. Bd3 Bf6 30. Ne1 Bg5 31. Kb1 Rh8 32. Rg1 Bf6 33. Nf3 Ng4 34. a4 Nf2 35. Re1 Nxd3 36. cxd3 Rd8 37. Kc2 Be8 38. b3 Rc8+ 39. Kd2 Bf7 40. Rb1 Rh8 41. b4 Be6 42. b5 Bg4 43. b6 a6 44. Rc1 Bxf3 45. Rc7+ Kg6 46. gxf3 Rh7 47. Kc3 Bd8 48. Rxh7 Kxh7 49. a5 Kg6 50. Kc4 Be7 51. Kd5 Bb4 52. Kxe5 Bxa5 53. d4 Bxb6 54. f4 a5 55. f5+ Kf7 56. Kd5 a4 57. Kc4 a3 58. Kb3 Bxd4 59. Kxa3 Kf6 60. Kb4 Ke5 61. Kb5 Ba7 62. Ka5 Bd4 63. Kb5 Kd6 64. Kc4 Bf6 65. Kb5 Bd8 66. Kb4 Kc6 67. e5 Be7+ 68. Kc4 b5+ 69. Kd4 Bc5+ 70. Ke4 b4 71. f6 Kd7 72. Kd5 b3 73. e6+ Ke8 74. Kxc5 b2 75. Kd6 b1=Q 0-1


[Site "https://www.chess.com"]

[Event "Early Titled Tuesday Blitz | February 8 2022"]
[White "Niemann, Hans Moke"]
[Black "Bocharov, Dmitry"]
[WhiteFideId "2093596"]
[BlackFideId "4138716"]
[WhiteElo "2636"]
[BlackElo "2541"]
[Result "1/2-1/2"]
[Round "03"]
[TimeControl "180+1"]
[Date "2022.02.08"]
[WhiteClock "0:00:22"]
[BlackClock "0:00:17"]

1. d4 Nf6 2. Nc3 e6 3. Bf4 Bb4 4. Qd3 O-O 5. a3 Bxc3+ 6. Qxc3 Nd5 7. Qg3 Nxf4 8. Qxf4 d6 9. Nf3 Nd7 10. e4 e5 11. dxe5 dxe5 12. Qe3 Qe7 13. Bc4 Nb6 14. Be2 Bd7 15. O-O a5 16. c4 Na4 17. b3 Nc5 18. b4 axb4 19. axb4 Na6 20. Ra5 Qxb4 21. Rxe5 Rfe8 22. Rd1 Ba4 23. Rd2 f6 24. Rxe8+ Rxe8 25. e5 fxe5 26. Nxe5 Qc5 27. Qxc5 Nxc5 28. f4 g5 29. Bh5 Re7 30. g3 gxf4 31. gxf4 Kg7 32. Kg2 Be8 33. Bxe8 Rxe8 34. Kf3 Re7 35. Kg4 Kf6 36. Kf3 b6 37. Rd8 Rg7 38. Rf8+ Ke6 39. Ng4 Rd7 40. f5+ Ke7 41. Rh8 Rd3+ 42. Ke2 Rh3 43. Kf2 h5 44. Rh7+ Kd6 45. Nh6 Ke5 46. Kg2 Rc3 47. Re7+ Kf6 48. Rxc7 Rxc4 49. Rc6+ Kg7 50. Rg6+ Kh7 51. Nf7 Rg4+ 52. Rxg4 hxg4 53. Kg3 b5 54. Kxg4 b4 55. Nd6 b3 56. Nc4 Nd3 57. Kg5 b2 58. Nd2 Ne5 59. Kf6 Nf3 60. Nb1 Nxh2 61. Ke7 Ng4 62. f6 Nxf6 63. Kxf6 Kh6 64. Ke5 Kh5 65. Kd4 Kh4 66. Kc3 Kh3 67. Kxb2 1/2-1/2


[Site "https://www.chess.com"]

[Event "Early Titled Tuesday Blitz | February 8 2022"]
[White "Nilsen, Tobias Lang"]
[Black "Shyaamnikhil P"]
[WhiteFideId "1521624"]
[BlackFideId "5024218"]
[WhiteElo "2013"]
[BlackElo "2292"]
[Result "1/2-1/2"]
[Round "03"]
[TimeControl "180+1"]
[Date "2022.02.08"]
[WhiteClock "0:00:38"]
[BlackClock "0:01:00"]

1. f4 g6 2. Nf3 Bg7 3. g3 d5 4. Bg2 c5 5. O-O Nc6 6. d3 Nf6 7. Nc3 d4 8. Na4 Nd7 9. c4 Qc7 10. e4 a6 11. b3 b5 12. Nb2 Bb7 13. cxb5 axb5 14. a4 Nb4 15. Rb1 Na2 16. Bd2 Nc3 17. Qc2 b4 18. Bxc3 dxc3 19. Nc4 Nb6 20. e5 Nxc4 21. dxc4 O-O 22. Rbd1 Rfd8 23. Ng5 Rd4 24. Nf3 Bxf3 25. Bxf3 Rad8 26. Rxd4 cxd4 27. Qd3 e6 28. Ra1 Qa5 29. h4 h5 30. Kg2 Kf8 31. Be4 Rd7 32. Rf1 Ke7 33. Rd1 Kd8 34. Kf3 Bf8 35. Ke2 Bc5 36. Rf1 Qc7 37. Kd1 Kc8 38. Kc2 Kb8 39. Rd1 Ka7 40. Bf3 Kb6 41. Qe4 Rd8 42. Qd3 Ka5 1/2-1/2


[Site "https://www.chess.com"]

[Event "Early Titled Tuesday Blitz | February 8 2022"]
[White "Obolenskikh, Dmitry"]
[Black "Guliev, Logman"]
[WhiteFideId "4156013"]
[BlackFideId "13400061"]
[WhiteElo "2512"]
[BlackElo "2128"]
[Result "1-0"]
[Round "03"]
[TimeControl "180+1"]
[Date "2022.02.08"]
[WhiteClock "0:00:23"]
[BlackClock "0:00:02"]

1. Nf3 d5 2. e3 h6 3. c4 e6 4. b3 Nf6 5. Bb2 Be7 6. Nc3 O-O 7. g4 Nxg4 8. Rg1 Nf6 9. Qc2 c5 10. cxd5 exd5 11. d4 Nc6 12. dxc5 Nb4 13. Qd2 Bf5 14. Nd4 Bg6 15. a3 Nc6 16. b4 a5 17. Nxc6 bxc6 18. Bd3 axb4 19. axb4 Rxa1+ 20. Bxa1 Bxd3 21. Qxd3 Qb8 22. b5 Qxh2 23. Kf1 Ra8 24. Bb2 Qh3+ 25. Ke1 d4 26. Qxd4 Rd8 27. Qe5 Qd7 28. Kf1 Qd3+ 29. Kg2 Bf8 30. bxc6 Ng4 31. Qe4 Qd2 32. Qxg4 Qxb2 33. Ne4 Qe5 34. Qf4 Qe6 35. c7 Rc8 36. Rd1 f5 37. Rd8 Rxc7 38. Qxc7 Qxe4+ 39. Kg1 Qg4+ 40. Qg3 Qc4 41. Qd6 Qg4+ 42. Kf1 Qc4+ 43. Ke1 Qc1+ 44. Ke2 Qc4+ 45. Qd3 Qxc5 46. Qd5+ Qxd5 47. Rxd5 Kf7 48. Rxf5+ Ke7 49. Rb5 Kf6 50. f4 g5 51. fxg5+ hxg5 52. Kf3 Kg6 53. Kg4 Be7 54. Rb6+ Kg7 55. Kf5 Bc5 56. Rc6 Bxe3 57. Rc7+ Kf8 58. Kf6 Ke8 59. Re7+ 1-0


[Site "https://www.chess.com"]

[Event "Early Titled Tuesday Blitz | February 8 2022"]
[White "Ozates, Tuna"]
[Black "Tregubov, Pavel V."]
[WhiteFideId "6354521"]
[BlackFideId "4115341"]
[WhiteElo "1872"]
[BlackElo "2341"]
[Result "0-1"]
[Round "03"]
[TimeControl "180+1"]
[Date "2022.02.08"]
[WhiteClock "0:02:30"]
[BlackClock "0:02:32"]

1. e4 c5 2. Nf3 e6 3. d4 cxd4 4. Nxd4 Nf6 5. Nc3 Nc6 6. Be2 Bb4 7. O-O Bxc3 8. bxc3 Nxe4 9. Qd3 d5 10. Ba3 Qa5 11. Nf5 Qxa3 12. Nxg7+ Kf8 13. Nh5 Rg8 14. Bf3 Ne5 15. Qe3 Nxf3+ 16. Qxf3 Qxc3 17. Qg4 Rxg4 0-1


[Site "https://www.chess.com"]

[Event "Early Titled Tuesday Blitz | February 8 2022"]
[White "Ozer, Omer Faruk"]
[Black "Wahedi, Ahmad Siar"]
[WhiteFideId "6354564"]
[BlackFideId "4651260"]
[WhiteElo "2050"]
[BlackElo "2376"]
[Result "1-0"]
[Round "03"]
[TimeControl "180+1"]
[Date "2022.02.08"]
[WhiteClock "0:00:40"]
[BlackClock "0:00:26"]

1. e4 Nf6 2. e5 Nd5 3. d4 Nb6 4. c4 d6 5. exd6 exd6 6. h3 Nc6 7. Nf3 Bf5 8. Bd3 Bxd3 9. Qxd3 Be7 10. O-O O-O 11. b3 Bf6 12. Be3 d5 13. c5 Nc8 14. Nc3 N8e7 15. a3 g6 16. b4 a6 17. Rab1 Nf5 18. g4 Nxe3 19. fxe3 Re8 20. Rbe1 Bg7 21. Re2 Qd7 22. Ne1 Re7 23. Ng2 Nd8 24. Nf4 c6 25. Na4 Qc7 26. Nb6 Rb8 27. Nfxd5 cxd5 28. Nxd5 Qd7 29. Nxe7+ Qxe7 30. d5 Qe5 31. e4 f6 32. d6 Nc6 33. Qd5+ Kh8 34. Kg2 Re8 35. Rd1 Qxd5 36. Rxd5 Ne5 37. a4 Kg8 38. b5 axb5 39. axb5 Kf7 40. d7 Rd8 41. Rxe5 fxe5 42. c6 bxc6 43. bxc6 Ke7 44. c7 Kxd7 45. cxd8=Q+ Kxd8 46. Ra2 Bf6 47. Ra7 h6 48. Rh7 Bg5 49. Rg7 Ke8 50. Rxg6 Kf7 51. Ra6 Ke7 52. Kg3 Kf7 53. h4 Bf4+ 54. Kf3 Ke7 55. Ke2 Kf7 56. Kd3 Ke7 57. Kc4 Kd7 58. Kd5 Ke7 59. Re6+ Kf7 60. Rxe5 Bg3 61. Rf5+ 1-0


[Site "https://www.chess.com"]

[Event "Early Titled Tuesday Blitz | February 8 2022"]
[White "Pakleza, Zbigniew"]
[Black "Onyshchuk, Volodymyr"]
[WhiteFideId "1119290"]
[BlackFideId "14114038"]
[WhiteElo "2467"]
[BlackElo "2642"]
[Result "0-1"]
[Round "03"]
[TimeControl "180+1"]
[Date "2022.02.08"]
[WhiteClock "0:00:04"]
[BlackClock "0:00:36"]

1. d4 d6 2. Nf3 g6 3. Bf4 Bg7 4. e3 Nf6 5. h3 O-O 6. Be2 Nc6 7. O-O Re8 8. c4 Bd7 9. Nc3 e5 10. dxe5 dxe5 11. Bh2 Bf5 12. Qb3 Qc8 13. Rfd1 Nd7 14. Rd2 a5 15. Qd1 Nc5 16. Nd5 h6 17. Qf1 Be6 18. Rad1 Ne4 19. Rc2 Bxd5 20. cxd5 Nb4 21. Rcc1 Nxa2 22. Ra1 Nb4 23. Bb5 Re7 24. Nd2 Nd6 25. Be2 Nxd5 26. Nc4 Nxc4 27. Bxc4 Nb6 28. Ba2 c6 29. Qd3 Kh7 30. Qb3 Qc7 31. Rac1 Rd8 32. Rxd8 Qxd8 33. Qa3 Rd7 34. Bg3 Nd5 35. Bb1 Nb4 36. Kh2 b6 37. f3 Rd1 38. Qc3 e4 39. Qc4 Rxc1 40. Qxc1 exf3 41. gxf3 Qf6 42. b3 Qxf3 43. Qe1 h5 44. h4 Qd5 45. e4 Qxb3 46. e5 Nd3 47. Bxd3 Qxd3 48. Kh3 Qf5+ 49. Kh2 a4 50. Qc1 Qe6 51. Qa3 b5 52. Qf3 b4 0-1


[Site "https://www.chess.com"]

[Event "Early Titled Tuesday Blitz | February 8 2022"]
[White "Pantzar, Milton"]
[Black "Iljin, Timofey"]
[WhiteFideId "1721003"]
[BlackFideId "14110180"]
[WhiteElo "2340"]
[BlackElo "2396"]
[Result "1-0"]
[Round "03"]
[TimeControl "180+1"]
[Date "2022.02.08"]
[WhiteClock "0:01:25"]
[BlackClock "0:00:45"]

1. Nf3 f5 2. d3 Nf6 3. e4 d6 4. exf5 Bxf5 5. d4 g6 6. Bd3 Qd7 7. O-O Bg7 8. Bxf5 Qxf5 9. c3 O-O 10. Qb3+ Kh8 11. Qxb7 Nbd7 12. Qxc7 Nb6 13. Qxe7 Ne4 14. Qh4 Rae8 15. Bh6 Bf6 16. Qh3 Qb5 17. Bxf8 Rxf8 18. Nbd2 Nxd2 19. Nxd2 Qxb2 20. Ne4 Bg7 21. Nxd6 Nd5 22. Qe6 h6 23. Qxd5 1-0


[Site "https://www.chess.com"]

[Event "Early Titled Tuesday Blitz | February 8 2022"]
[White "Papasimakopoulos, Alexandros"]
[Black "Jobava, Baadur"]
[WhiteFideId "4244125"]
[BlackFideId "13601520"]
[WhiteElo "2340"]
[BlackElo "2617"]
[Result "0-1"]
[Round "03"]
[TimeControl "180+1"]
[Date "2022.02.08"]
[WhiteClock "0:00:08"]
[BlackClock "0:00:06"]

1. d4 Nf6 2. c4 c5 3. d5 e6 4. Nc3 exd5 5. cxd5 d6 6. Nf3 g6 7. Bf4 Bg7 8. Qa4+ Bd7 9. Qb3 b5 10. Bxd6 Qb6 11. Be5 O-O 12. e3 Re8 13. Bxb5 Qd8 14. O-O a6 15. Be2 Bf5 16. Na4 Nbd7 17. Bg3 Ne4 18. Rac1 h5 19. Nc3 Nxg3 20. hxg3 Rb8 21. Qa3 g5 22. Rfd1 h4 23. gxh4 gxh4 24. d6 h3 25. g3 Qf6 26. Nd5 Qxd6 27. b3 Qh6 28. Qxa6 Re6 29. Qa7 Rd8 30. Qc7 h2+ 31. Nxh2 Ree8 32. Nf3 Kh7 33. Nf4 Kg8 34. Rd6 Qh8 35. Rcd1 Rc8 36. Qb7 Ne5 37. Ng5 Rf8 38. Nd5 Rce8 39. Ne7+ Rxe7 40. Qxe7 Ng6 41. Qb7 Be5 42. Rd8 Qf6 43. Rxf8+ Nxf8 44. Nf3 Bc3 45. Qb8 Kg7 46. Qf4 Ng6 47. Qg5 Qe6 48. Bc4 Qe4 49. Nd2 Qc2 50. Kg2 Bxd2 51. Rxd2 Be4+ 52. Kh3 Qxd2 53. Qg4 Bd3 54. Bxd3 Qxd3 55. Qc4 Qb1 56. a4 Qh1+ 57. Kg4 Ne5+ 0-1


[Site "https://www.chess.com"]

[Event "Early Titled Tuesday Blitz | February 8 2022"]
[White "Paravyan, David"]
[Black "Buscar, Michael"]
[WhiteFideId "4194985"]
[BlackFideId "2603616"]
[WhiteElo "3013"]
[BlackElo "2428"]
[Result "1-0"]
[Round "03"]
[TimeControl "180+1"]
[Date "2022.02.08"]
[WhiteClock "0:00:32"]
[BlackClock "0:00:02"]

1. e4 c5 2. Nf3 Nc6 3. d4 cxd4 4. Nxd4 Nf6 5. Nc3 e5 6. Ndb5 h6 7. Nd6+ Bxd6 8. Qxd6 Qe7 9. Qxe7+ Kxe7 10. b3 Rd8 11. Ba3+ d6 12. O-O-O Be6 13. f3 Rac8 14. Nb5 Ne8 15. c4 a6 16. Nc3 Nd4 17. Kb2 Nf6 18. Bd3 Nd7 19. Ne2 Nxe2 20. Bxe2 Nc5 21. Rd2 f5 22. exf5 Bxf5 23. Rhd1 Rc6 24. Bb4 Ne6 25. Bf1 Nd4 26. Bc3 Ne6 27. g3 Rb8 28. Bb4 Nd4 29. f4 Ke6 30. Bg2 Rc7 31. Bd5+ Kd7 32. Bxd6 Kxd6 33. fxe5+ Kxe5 34. Rxd4 b5 35. R4d2 bxc4 36. Re2+ Kf6 37. Rf1 Kg6 38. Rc1 Bd3 39. Be4+ Bxe4 40. Rxe4 Rd8 41. Rexc4 Rd2+ 42. R1c2 Rcd7 43. Rc6+ R7d6 44. Rxd2 Rxc6 45. Ka3 Kg5 46. Kb4 Kg4 47. Ka5 g5 48. b4 Kf3 49. a4 Ke3 50. Rb2 Kd4 51. b5 axb5 52. axb5 Rc8 53. b6 Kc5 54. b7 Rb8 55. Rc2+ Kd6 56. Kb6 1-0


[Site "https://www.chess.com"]

[Event "Early Titled Tuesday Blitz | February 8 2022"]
[White "Pasini, Nicolo"]
[Black "Petesch, Gabriel"]
[WhiteFideId "2809600"]
[BlackFideId "2032465"]
[WhiteElo "2065"]
[BlackElo "2374"]
[Result "0-1"]
[Round "03"]
[TimeControl "180+1"]
[Date "2022.02.08"]
[WhiteClock "0:00:01"]
[BlackClock "0:00:02"]

1. e4 c6 2. d4 d5 3. exd5 cxd5 4. Bd3 Nc6 5. c3 Nf6 6. Bf4 e6 7. Nf3 Bd6 8. Bxd6 Qxd6 9. O-O O-O 10. Qe2 Bd7 11. Ne5 Rae8 12. f4 Bc8 13. Nd2 Nd7 14. Rf3 g6 15. Raf1 f6 16. Bxg6 hxg6 17. Rg3 Ndxe5 18. fxe5 Nxe5 19. dxe5 Qxe5 20. Rxg6+ Kh7 21. Qd3 f5 22. Rg5 Rf6 23. Nf3 Qd6 24. Qd4 e5 25. Qh4+ Rh6 26. Rh5 Rg8 27. Rxh6+ Qxh6 28. Qe7+ Qg7 29. Qxg7+ Kxg7 30. Nxe5 Kf6 31. Nf3 b6 32. Nd4 Bd7 33. g3 Re8 34. Rf2 b5 35. Re2 Rh8 36. Kg2 a5 37. Nf3 b4 38. Nd4 Rc8 39. Re3 Rb8 40. b3 Rc8 41. cxb4 axb4 42. Re2 Rc3 43. Rc2 Rd3 44. Nc6 d4 45. Nb8 Be6 46. Na6 Rc3 0-1


[Site "https://www.chess.com"]

[Event "Early Titled Tuesday Blitz | February 8 2022"]
[White "Pavlidou, Ekaterini"]
[Black "Minina, Veronika"]
[WhiteFideId "4213262"]
[BlackFideId "4174780"]
[WhiteElo "2127"]
[BlackElo "1850"]
[Result "1-0"]
[Round "03"]
[TimeControl "180+1"]
[Date "2022.02.08"]
[WhiteClock "0:00:51"]
[BlackClock "0:00:01"]

1. d4 Nf6 2. c4 g6 3. Nc3 Bg7 4. e4 d6 5. Nf3 O-O 6. Be2 Bg4 7. Ng1 Bxe2 8. Ngxe2 a6 9. f3 c5 10. d5 b5 11. cxb5 axb5 12. Nxb5 Nfd7 13. Nbc3 Na6 14. Be3 Nc7 15. h4 Qb8 16. Qc2 Ne5 17. h5 Nc4 18. Bc1 Nb5 19. a4 Nd4 20. Nxd4 Bxd4 21. Nb5 Na5 22. Bh6 Rc8 23. g4 Be5 24. f4 Bf6 25. Bg5 Bg7 26. hxg6 fxg6 27. Qh2 Nb3 28. Qxh7+ Kf7 29. Bh6 Rg8 30. Ra3 Nd4 31. f5 Nf3+ 32. Ke2 Nd4+ 33. Kd1 Nxb5 34. fxg6+ Ke8 35. Qxg8+ Kd7 36. Qxb8 Rxb8 37. axb5 Bxb2 38. Ra7+ Ke8 39. Bc1 Rxb5 40. Bxb2 1-0


[Site "https://www.chess.com"]

[Event "Early Titled Tuesday Blitz | February 8 2022"]
[White "Perez Gormaz, Matias"]
[Black "Indjic, Aleksandar"]
[WhiteFideId "3406342"]
[BlackFideId "911925"]
[WhiteElo "2352"]
[BlackElo "2616"]
[Result "1/2-1/2"]
[Round "03"]
[TimeControl "180+1"]
[Date "2022.02.08"]
[WhiteClock "0:00:06"]
[BlackClock "0:01:29"]

1. e4 c5 2. Nf3 Nf6 3. e5 Nd5 4. g3 d6 5. Bg2 Nc6 6. exd6 e6 7. O-O Bxd6 8. d4 O-O 9. dxc5 Bxc5 10. Qe2 a5 11. c4 Nf6 12. Rd1 Qb6 13. Nc3 a4 14. Bg5 Be7 15. Rac1 h6 16. Be3 Bc5 17. Bxc5 Qxc5 18. Ne4 Nxe4 19. Qxe4 Ra5 20. Nd4 Nxd4 21. Qxd4 Qxd4 22. Rxd4 Rc5 23. b4 axb3 24. axb3 b5 25. b4 Rxc4 26. Rdxc4 bxc4 27. Rxc4 Ba6 28. Rc6 Bb7 29. Rb6 Bxg2 30. Kxg2 Rc8 31. Rb7 g5 32. h3 Rc2 33. Kf3 Rb2 34. Kg2 Kg7 35. Kf3 h5 36. Kg2 g4 37. hxg4 hxg4 38. b5 Kg6 39. b6 f6 40. Rb8 Kf5 41. b7 e5 42. Kf1 Ke4 43. Rf8 Rxb7 44. Rxf6 Rb2 45. Kg2 Ra2 46. Rf8 Ra4 47. Rg8 Kd3 48. Rd8+ Ke2 49. Re8 e4 50. Rg8 e3 51. fxe3 Re4 52. Rf8 Kxe3 53. Rf4 Rxf4 54. gxf4 Kxf4 55. Kf2 g3+ 56. Kg2 Kg4 57. Kg1 Kf3 58. Kf1 g2+ 59. Kg1 Kg3 1/2-1/2


[Site "https://www.chess.com"]

[Event "Early Titled Tuesday Blitz | February 8 2022"]
[White "Pesotskiy, Mikhail"]
[Black "Mohammad Fahad, Rahman"]
[WhiteFideId "34164453"]
[BlackFideId "10207791"]
[WhiteElo "2010"]
[BlackElo "2323"]
[Result "0-1"]
[Round "03"]
[TimeControl "180+1"]
[Date "2022.02.08"]
[WhiteClock "0:00:11"]
[BlackClock "0:00:13"]

1. d4 d5 2. c4 c6 3. Nf3 Nf6 4. Nbd2 e6 5. e3 Nbd7 6. b3 c5 7. Bb2 b6 8. Bd3 Bb7 9. O-O Bd6 10. Ne5 O-O 11. f4 Ne4 12. Nxe4 dxe4 13. Bc2 cxd4 14. Nxd7 Qxd7 15. Qxd4 f6 16. Rfd1 Rfd8 17. Ba3 Bxa3 18. Qxd7 Rxd7 19. Rxd7 Bc6 20. Rc7 Be8 21. Bxe4 Rd8 22. Bf3 Bc5 23. Rd1 Bxe3+ 24. Kf1 Rb8 25. Rxa7 Bxf4 26. g3 Be3 27. Ra8 Rxa8 28. Bxa8 Kf7 29. Rd8 e5 30. Rb8 f5 31. Bd5+ Ke7 32. b4 e4 33. g4 g6 34. Rb7+ Kf6 35. Rxh7 Ba4 36. Rf7+ Ke5 37. Rg7 Kf6 38. Rc7 Bc2 39. gxf5 gxf5 40. c5 Bd3+ 41. Ke1 bxc5 42. bxc5 f4 43. Rc8 f3 44. Rf8+ Ke5 45. Ba8 Bxc5 46. h4 Kd4 47. h5 Ke3 48. h6 Be2 49. Rb8 f2# 0-1


[Site "https://www.chess.com"]

[Event "Early Titled Tuesday Blitz | February 8 2022"]
[White "Piesik, Piotr"]
[Black "Moskvin, Anatoly"]
[WhiteFideId "1136194"]
[BlackFideId "24199990"]
[WhiteElo "2232"]
[BlackElo "2079"]
[Result "1-0"]
[Round "03"]
[TimeControl "180+1"]
[Date "2022.02.08"]
[WhiteClock "0:00:45"]
[BlackClock "0:00:01"]

1. Nf3 g6 2. g3 Bg7 3. d4 c5 4. c3 cxd4 5. cxd4 Nf6 6. Bg2 O-O 7. O-O d6 8. Nc3 Bg4 9. e4 Nc6 10. Be3 Nd7 11. h3 Bxf3 12. Bxf3 e5 13. d5 Nd4 14. Be2 a6 15. Rc1 Rc8 16. Bd3 b5 17. Ne2 Rxc1 18. Qxc1 Nc5 19. Bxd4 exd4 20. Qd2 Re8 21. f3 f5 22. exf5 Nxd3 23. Qxd3 Re3 24. Qd2 Qb6 25. Kg2 d3 26. Nc1 Qd4 27. fxg6 Bh6 28. gxh7+ Kxh7 29. f4 Qxd5+ 30. Kh2 Qe4 31. Qg2 Qg6 32. Nb3 Bg7 33. Rf2 Qe6 34. Nd2 a5 35. Nf3 Re2 36. Ng5+ Kh6 37. Nxe6 d2 38. Rxe2 d1=Q 39. g4 d5 40. g5+ Kg6 41. f5+ Kxf5 42. Qg4+ Kg6 43. Nf4+ Kh7 44. Qh5+ 1-0


[Site "https://www.chess.com"]

[Event "Early Titled Tuesday Blitz | February 8 2022"]
[White "Pires, Marcos Vinicius Torsani"]
[Black "Roman, Rodrigo"]
[WhiteFideId "2118939"]
[BlackFideId "3701220"]
[WhiteElo "2273"]
[BlackElo "2001"]
[Result "1-0"]
[Round "03"]
[TimeControl "180+1"]
[Date "2022.02.08"]
[WhiteClock "0:00:41"]
[BlackClock "0:00:04"]

1. d4 Nf6 2. Bf4 d6 3. e3 g6 4. Nf3 Bg7 5. h3 O-O 6. Be2 Nbd7 7. O-O b6 8. c4 Bb7 9. Nc3 e6 10. b4 Ne4 11. Nxe4 Bxe4 12. Nd2 Bb7 13. a4 a5 14. bxa5 Rxa5 15. Nb3 Ra8 16. a5 e5 17. Bg3 exd4 18. exd4 Re8 19. Bf3 Bxf3 20. Qxf3 bxa5 21. Rxa5 Rxa5 22. Nxa5 Bxd4 23. Nc6 Qf6 24. Qg4 Nb6 25. Qxd4 Qxd4 26. Nxd4 Nxc4 27. Nb5 d5 28. Nxc7 Rd8 29. Nb5 d4 30. Rd1 d3 31. Nc3 Nb2 32. Rb1 Nc4 33. Bf4 d2 34. Nd1 Re8 35. Be3 f5 36. g3 g5 37. Rb4 Nxe3 38. fxe3 f4 39. gxf4 Rc8 40. Rd4 gxf4 41. exf4 Rc2 42. Kf2 Kf7 43. Ke2 Rc7 44. Rxd2 Kf6 45. Kf3 Kf5 46. Ne3+ Kg6 47. Rd6+ Kh5 48. Rd5+ Kg6 49. f5+ Kg5 50. Rd4 Rc3 51. Rg4+ Kf6 52. Kf4 Ra3 53. Nd5+ Kf7 54. Ne3 Kf6 55. Kf3 Kf7 56. Rb4 Kf6 57. Rb6+ Kg5 58. f6 Kg6 59. Ke4 Ra4+ 60. Ke5 Ra5+ 61. Nd5 Ra8 62. Nf4+ Kf7 63. Rb7+ Kf8 64. Ne6+ Kg8 65. f7+ Kh8 66. Re7 h6 67. Re8+ Kh7 68. Rxa8 h5 69. f8=Q h4 70. Qg7# 1-0


[Site "https://www.chess.com"]

[Event "Early Titled Tuesday Blitz | February 8 2022"]
[White "Politov, Pavel Y."]
[Black "Rytenko, Vsevolod"]
[WhiteFideId "24110515"]
[BlackFideId "14133040"]
[WhiteElo "2090"]
[BlackElo "2144"]
[Result "1-0"]
[Round "03"]
[TimeControl "180+1"]
[Date "2022.02.08"]
[WhiteClock "0:00:08"]
[BlackClock "0:00:48"]

1. e4 e6 2. d4 d5 3. Nc3 Bb4 4. e5 Ne7 5. a3 Bxc3+ 6. bxc3 b6 7. Qg4 O-O 8. Bd3 Ba6 9. Nf3 Bxd3 10. cxd3 Nf5 11. O-O Kh8 12. a4 c5 13. dxc5 bxc5 14. Ba3 Nd7 15. d4 Qa5 16. dxc5 Nxc5 17. Bb4 Qc7 18. c4 Rfd8 19. cxd5 Rxd5 20. Rac1 Rad8 21. Qc4 Rc8 22. Rc3 a5 23. Ba3 Na6 24. Qxc7 Rxc7 25. Rxc7 Nxc7 26. Rc1 Rd7 27. Kf1 h6 28. g4 Ne7 29. Bxe7 Rxe7 30. Rc5 Nd5 31. Rxa5 Rb7 32. Rb5 Rc7 33. a5 Rc1+ 34. Ke2 Nc3+ 35. Kd2 Nxb5 36. Kxc1 Kg8 37. Kd2 Kf8 38. Kd3 Ke8 39. Kc4 Na7 40. Kc5 Kd7 41. Kb6 Nc6 42. a6 f6 43. a7 Nxa7 44. Kxa7 Kc6 45. Ka6 Kd5 46. exf6 gxf6 47. Nd2 Kd4 48. Kb5 Kd3 49. Nc4 Ke2 50. f4 Kf3 51. f5 e5 52. Nxe5+ Kf4 53. Ng6+ Kxg4 54. Ne7 Kh3 55. Ng8 Kxh2 56. Nxh6 Kh3 57. Ng8 Kg4 58. Ne7 Kf4 59. Kc5 Ke5 60. Kc6 Kf4 61. Kd6 Kg5 62. Ke6 Kh6 63. Kxf6 Kh7 64. Kf7 Kh8 65. Kf8 Kh7 66. Nd5 Kh8 67. f6 Kh7 68. Kf7 Kh8 69. Nf4 Kh7 70. Kf8 Kh8 71. Ng6+ Kh7 72. Kf7 Kh6 73. Kg8 Kxg6 74. f7 Kf5 75. f8=Q+ Ke4 76. Qf7 Kd3 77. Qe6 Kc2 78. Qd5 Kb2 79. Qc4 Kb1 80. Qc5 Ka2 81. Kf7 Kb3 82. Ke6 Ka2 83. Ke5 Kb3 84. Kd4 1-0


[Site "https://www.chess.com"]

[Event "Early Titled Tuesday Blitz | February 8 2022"]
[White "Popadic, Dragan"]
[Black "Kiseleva, Arina"]
[WhiteFideId "913650"]
[BlackFideId "4164989"]
[WhiteElo "2199"]
[BlackElo "1866"]
[Result "1-0"]
[Round "03"]
[TimeControl "180+1"]
[Date "2022.02.08"]
[WhiteClock "0:00:45"]
[BlackClock "0:00:03"]

1. e4 c6 2. d4 d5 3. Nd2 dxe4 4. Nxe4 Nf6 5. Ng3 Bg4 6. Be2 Bxe2 7. N1xe2 e6 8. c3 Bd6 9. Qb3 Qb6 10. Be3 Nd5 11. Bd2 O-O 12. O-O Qxb3 13. axb3 Nd7 14. Ne4 Be7 15. Nf4 a6 16. Nxd5 exd5 17. Ng3 g6 18. Rfe1 Rfe8 19. Kf1 Bd6 20. Ne2 Nf6 21. h3 Ne4 22. Be3 Kg7 23. Ng1 f5 24. Rad1 Re7 25. Bc1 Rae8 26. Nf3 h6 27. Nd2 Nxd2+ 28. Bxd2 Rxe1+ 29. Bxe1 Kf6 30. Bd2 g5 31. f3 Bg3 32. Bc1 f4 33. Bd2 Kf5 34. Ra1 h5 35. Ra4 g4 36. hxg4+ hxg4 37. c4 Rh8 38. cxd5 cxd5 39. Ra5 Rh1+ 40. Ke2 gxf3+ 41. gxf3 Rh2+ 42. Kd3 Ke6 43. Ra1 Rh3 44. Ke2 Rh2+ 45. Kd3 Rf2 46. Re1+ Kd6 47. Rh1 1-0


[Site "https://www.chess.com"]

[Event "Early Titled Tuesday Blitz | February 8 2022"]
[White "Potapova, Margarita"]
[Black "Sahil, Tickoo"]
[WhiteFideId "14126869"]
[BlackFideId "5019710"]
[WhiteElo "2209"]
[BlackElo "2099"]
[Result "0-1"]
[Round "03"]
[TimeControl "180+1"]
[Date "2022.02.08"]
[WhiteClock "0:00:02"]
[BlackClock "0:00:39"]

1. e4 c5 2. Nf3 d6 3. d4 cxd4 4. Qxd4 Nc6 5. Bb5 Bd7 6. Bxc6 Bxc6 7. Nc3 Nf6 8. Bg5 e6 9. O-O-O Be7 10. Kb1 O-O 11. Rhe1 Qc7 12. h3 Rfc8 13. g4 b5 14. Bc1 a5 15. g5 Nd7 16. Re2 b4 17. Nd5 Bxd5 18. exd5 e5 19. Qg4 a4 20. Qg1 b3 21. cxb3 axb3 22. a3 Nc5 23. Nh4 Na4 24. Nf5 Bf8 25. f4 Qc4 26. Qf2 exf4 27. Bxf4 Re8 28. Rxe8 Rxe8 29. Qd2 Qe4+ 30. Qd3 Qxf4 31. Nd4 Nc5 32. Qc4 Qe4+ 33. Ka1 g6 34. Qc1 Bg7 35. Nc6 Na4 36. Re1 Qxe1 37. Ne7+ Rxe7 38. Qb1 0-1


[Site "https://www.chess.com"]

[Event "Early Titled Tuesday Blitz | February 8 2022"]
[White "Praggnanandhaa R"]
[Black "Dronavalli, Harika"]
[WhiteFideId "25059530"]
[BlackFideId "5015197"]
[WhiteElo "2913"]
[BlackElo "2705"]
[Result "1-0"]
[Round "03"]
[TimeControl "180+1"]
[Date "2022.02.08"]
[WhiteClock "0:01:08"]
[BlackClock "0:00:56"]

1. Nf3 Nf6 2. c4 g6 3. d4 Bg7 4. Nc3 c5 5. d5 e6 6. e4 exd5 7. exd5 O-O 8. Be2 d6 9. O-O Re8 10. h3 Bf5 11. Nh4 Bd7 12. Bd3 Na6 13. Nf3 Nc7 14. Bf4 Bc8 15. Qd2 b5 16. cxb5 Ncxd5 17. Nxd5 Nxd5 18. Bg5 Qb6 19. Bc4 Nc7 20. a4 Be6 21. Bxe6 Nxe6 22. Bh6 Nd4 23. Nxd4 Bxd4 24. Rfe1 a6 25. Rxe8+ Rxe8 26. Re1 Ra8 27. Qe2 Bg7 28. Qe8+ 1-0


[Site "https://www.chess.com"]